 Dungeon Crawl Stone Soup version 0.30.1-9-gdf580d7c3d (webtiles) character file.

Game seed: 16053334793047847171

17855 tizbic2 the Covert (level 12, -21/168 HPs)
             Began as a Naga Berserker on Sept 25, 2023.
             Was a High Priest of Trog.
             Demolished by a very large slime creature (51 damage)
             ... on level 12 of the Dungeon.
             The game lasted 00:52:58 (11670 turns).

tizbic2 the Covert (Naga Berserker)                Turns: 11670, Time: 00:52:59

Health: -21/168    AC: 12    Str: 19    XL:     12   Next: 52%
Magic:  12/12      EV: 10    Int:  8    God:    Trog [*****.]
Gold:   425        SH: 12    Dex: 23    Spells: 11/11 levels left

rFire   . . .        n - +2 scimitar (heavy)
rCold   . . .        J - +0 kite shield
rNeg    . . .        K - +1 robe {Will+}
rPois   +            (helmet restricted)
rElec   +            L - +0 cloak
rCorr   +            (no gloves)
SInv    +            d - +4 barding of the Pits of Slime {rElec Dex+5}
Will    ++...        (no amulet) Stlth
                     g - ring of resist corrosion
HPRegen 0.48/turn    m - +4 ring of slaying
MPRegen 0.13/turn

%: no passive effects
@: berserking (expiring), corroded, quick
A: AC +4, large, see invisible, deformed body, poison resistance, slowness 2,
spit poison 1, naga tail 1, horns 1, thin skeletal structure 1
a: Spit Poison, Renounce Religion, Berserk, Trog's Hand, Brothers in Arms


You were on level 12 of the Dungeon.
You worshipped Trog.
Trog was extremely pleased with you.
You visited 1 branch of the dungeon, and saw 12 of its levels.

You collected 677 gold pieces.
You spent 252 gold pieces at shops.

Inventory:

Hand Weapons
 n - a +2 heavy scimitar (weapon)
 t - a +2 flail of holy wrath
 w - a +0 dagger
 I - a +1 flail of protection
 Q - the +5 trident "Ablot" {flame, rC+}
   (You found it on level 11 of the Dungeon)

   rC:        It protects you from cold.
Missiles
 i - 6 boomerangs
 M - 4 throwing nets
Armour
 b - a +2 robe of fire resistance
 d - the +4 barding of the Pits of Slime (worn) {rElec Dex+5}
   (You acquired it on level 3 of the Dungeon)

   Dex:       It affects your dexterity (+5).
   rElec:     It insulates you from electricity.
 p - +2 steam dragon scales
 G - a +2 leather armour of cold resistance
 J - a +0 kite shield (worn)
 K - a +1 robe of willpower (worn)
 L - a +0 cloak (worn)
 O - a +3 scale mail of fire resistance
Jewellery
 g - a ring of resist corrosion (left hand)
 m - a +4 ring of slaying (right hand)
 F - a ring of protection from fire
Wands
 q - a wand of polymorph (24)
 r - a wand of roots (22)
 A - a wand of flame (23)
 D - a wand of mindburst (8)
 P - a wand of charming (5)
Scrolls
 e - a scroll of fear
 o - a scroll of immolation
 y - 4 scrolls of teleportation
 E - 3 scrolls of identify
 N - a scroll of blinking
Potions
 a - 2 potions of haste
 c - 2 potions of lignification
 f - 5 potions of curing
 h - 2 potions of degeneration {unknown}
 j - 4 potions of cancellation {unknown}
 k - 3 potions of magic {unknown}
 l - 2 potions of might
 u - a potion of ambrosia {unknown}
 v - 2 potions of heal wounds {unknown}
 x - 2 potions of berserk rage
 z - a potion of flight {unknown}
 B - 2 potions of brilliance {unknown}
 C - a potion of attraction
 H - a potion of invisibility
Miscellaneous
 s - a lightning rod (4/4)


   Skills:
 + Level 8.6 Fighting
 * Level 11.9 Short Blades
 + Level 5.0 Armour
 + Level 5.0 Dodging
 + Level 14.8 Stealth
 * Level 6.9 Shields


You had 11 spell levels left.
You didn't know any spells.
Your spell library was empty.

Dungeon Overview and Level Annotations

Branches:
Dungeon (12/15)            Temple (0/1) D:7            Lair (0/5) D:10
    Orc (0/2) D:10

Altars:
Gozag
Hepliaklqana
Okawaru
Qazlal
Trog
Wu Jian

Shops:
D:6 [

Annotations:
D:9 3 runed translucent doors, turdburglar's ghost, novice MiHu


Innate Abilities, Weirdness & Mutations

Your serpentine skin is tough. (AC +4)
You have supernaturally acute eyesight. (SInv)
Armour fits poorly on your strangely shaped body.
Your system is resistant to poisons. (rPois)
You cover ground very slowly.
You can spit poison.
You have a snake-like lower body.
You have a pair of small horns on your head.
You have a somewhat thin skeletal structure. (Dex +2, Stealth+)


Message History

Trog accepts your kill.
An orc and a slime creature come into view.
The orc shouts!
The slime creature quivers.
A slime creature comes into view.
The orc moves out of view.
You carve the orc wizard like a ham!!!
You kill the orc wizard!
Trog accepts your kill.
Trog appreciates your killing of a magic user.
An orc comes into view. It is wielding a +0 club.
An orc comes into view. It is wielding a +0 dagger.
The orc shouts! x2
The slime creature hits you but does no damage.
Two slime creatures merge to form a large slime creature.
Items here: ! ) [ †.
You slice the large slime creature like a ripe choko!!!
The large slime creature is moderately wounded.
Two slime creatures merge to form a very large slime creature.
You slice the very large slime creature!!
You headbutt the very large slime creature!
The very large slime creature is heavily wounded.
An orc comes into view. It is wielding a +0 hand axe.
You slice the very large slime creature!!
You headbutt the very large slime creature!
The very large slime creature is heavily wounded.
You block the orc's attack.
You slice the very large slime creature!!
You headbutt the very large slime creature!
The very large slime creature is severely wounded.
The orc closely misses you.
The very large slime creature hits you!!!
* * * LOW HITPOINT WARNING * * *
You slice the very large slime creature!!
The very large slime creature is almost dead.
You block the orc's attack. x2
The very large slime creature closely misses you.
The orc closely misses you.
The very large slime creature hits you!!!
You die...

#.... .# #.... .#
....... ..##.
##..........###.....
#...................
..........#.......
.......>..#ooJo#
.........^.o@####
.....?..........##
..........##.....##
...........)##....#
...........###...##
.........### #...<#
#........######....#
............####.###
#.$..........# ###


You could see a very large slime creature and 4 orcs.

Vanquished Creatures
  Josephine (D:11)
  4 two-headed ogres
  3 death yaks (D:10)
  Pikel (D:5)
  2 cyclopes (D:10)
  A manticore (D:10)
  Joseph (D:7)
  An unseen horror (D:12)
  A troll (D:11)
  A troll (shapeshifter) (D:10)
  Sigmund (D:3)
  5 wraiths
  31 yaks
  2 wyverns
  5 steam dragons
  2 vampire mosquitoes (D:11)
  A warg (D:10)
  Menkaure (D:7)
  An acid dragon (D:12)
  A water moccasin (D:6)
  The ghost of Eli the Cudgeller, an amateur OgGl (D:3)
  4 orc warriors
  7 centaurs
  An ogre (D:7)
  A phantom (D:5)
  3 bullfrogs
  3 gnoll sergeants
  8 wights
  6 killer bees (D:9)
  4 howler monkeys
  2 jellies
  3 gnoll boudas
  8 orc priests
  Crazy Yiuf (D:3)
  8 orc wizards
  2 sleepcaps
  3 iguanas
  29 gnolls
  4 adders
  4 shadow imps
  A white imp (D:7)
  An ufetubus (D:5)
  2 worms
  A dart slug (D:5)
  40 orcs
  8 ball pythons
  4 endoplasms (D:4)
  A giant cockroach (D:4)
  10 goblins
  2 hobgoblins
  6 jackals
  4 quokkas
  5 bats
  3 frilled lizards
  6 kobolds
  3 rats
265 creatures vanquished.

Notes
Turn   | Place    | Note
-------+----------+-------------------------------------------
     0 | D:1      | tizbic2 the Naga Berserker began the quest for the Orb.
     0 | D:1      | Reached XP level 1. HP: 21/21 MP: 1/1
   193 | D:1      | Reached skill level 1 in Stealth
   217 | D:1      | Reached XP level 2. HP: 24/28 MP: 2/2
   639 | D:1      | Reached skill level 2 in Stealth
   888 | D:2      | Reached XP level 3. HP: 20/34 MP: 3/3
  1254 | D:2      | Found a bloodstained altar of Trog.
  1729 | D:3      | Found a stormy altar of Qazlal.
  1793 | D:3      | Reached skill level 3 in Stealth
  2141 | D:3      | Reached XP level 4. HP: 38/42 MP: 4/4
  2449 | D:3      | Found a runed translucent door.
  2450 | D:3      | Noticed Crazy Yiuf
  2462 | D:3      | HP: 1/60 [Crazy Yiuf/+3 quarterstaff of chaos (12)]
  2463 | D:3      | Killed Crazy Yiuf
  2464 | D:3      | Reached skill level 4 in Stealth
  2651 | D:3      | Noticed Sigmund
  2657 | D:3      | Gained mutation: You passively map a small area around you.
                  | [potion of mutation]
  2664 | D:3      | Killed Sigmund
  2665 | D:3      | Reached skill level 5 in Stealth
  2665 | D:3      | Reached XP level 5. HP: 26/50 MP: 5/5
  2665 | D:3      | Reached XP level 6. HP: 29/57 MP: 6/6
  2817 | D:3      | You fall into a shaft and drop 3 floors!
  2877 | D:6      | Found Poacwil's Antique Armour Shoppe.
  2977 | D:6      | Reached skill level 5 in Short Blades
  2977 | D:6      | Reached skill level 6 in Stealth
  3012 | D:5      | Entered Level 5 of the Dungeon
  3029 | D:5      | Reached XP level 7. HP: 56/64 MP: 7/7
  3132 | D:3      | Reached skill level 7 in Stealth
  3188 | D:3      | Found a faded altar of an unknown god.
  3191 | D:3      | Found a hazy altar of Hepliaklqana.
  3283 | D:3      | Reached ** piety under Trog
  3436 | D:3      | Identified a scroll of acquirement
  3436 | D:3      | Acquired the +4 barding of the Pits of Slime {rElec Dex+5}
  3582 | D:3      | Found a runed translucent door.
  3582 | D:3      | Noticed Eli's ghost (amateur OgGl)
  3593 | D:3      | Killed Eli's ghost
  4257 | D:4      | Lost mutation: You passively map a small area around you.
                  | [potion of mutation]
  4257 | D:4      | Gained mutation: You have a pair of small horns on your
                  | head. [potion of mutation]
  4257 | D:4      | Gained mutation: You have a somewhat thin skeletal
                  | structure. (Dex +2, Stealth+) [potion of mutation]
  4484 | D:5      | Reached skill level 8 in Stealth
  4613 | D:5      | Noticed Pikel
  4626 | D:5      | Killed Pikel
  4627 | D:5      | Reached skill level 5 in Fighting
  4627 | D:5      | Reached skill level 9 in Stealth
  4627 | D:5      | Reached XP level 8. HP: 74/74 MP: 8/8
  4869 | D:6      | Reached skill level 10 in Stealth
  5055 | D:6      | Bought an ancient scale mail for 252 gold pieces
  5055 | D:6      | Identified the +0 scale mail of Dramatic Exits {Dex+3 SInv}
                  | (You bought it in a shop on level 6 of the Dungeon)
  5112 | D:6      | Reached *** piety under Trog
  5156 | D:6      | Reached skill level 11 in Stealth
  5156 | D:6      | Reached XP level 9. HP: 40/82 MP: 9/9
  6434 | D:7      | Noticed Menkaure
  6439 | D:7      | Killed Menkaure
  6440 | D:7      | Reached skill level 12 in Stealth
  6671 | D:7      | Found a staircase to the Ecumenical Temple.
  6716 | D:7      | Noticed Joseph
  6735 | D:7      | Killed Joseph
  7302 | D:8      | Reached **** piety under Trog
  7303 | D:8      | Reached XP level 10. HP: 52/90 MP: 10/10
  7456 | D:8      | Reached skill level 1 in Shields
  8164 | D:9      | Noticed a two-headed ogre
  8172 | D:9      | Killed a two-headed ogre
  8217 | D:9      | Reached skill level 13 in Stealth
  8242 | D:9      | Reached skill level 10 in Short Blades
  8558 | D:9      | Reached ***** piety under Trog
  8726 | D:9      | Reached XP level 11. HP: 96/100 MP: 11/11
  8839 | D:9      | Found a runed translucent gate.
  8840 | D:9      | Found a runed translucent gate.
  8840 | D:9      | Found a runed translucent gate.
  8841 | D:9      | Found an opulent altar of Gozag.
  8841 | D:9      | Noticed a cyan ugly thing
  8843 | D:9      | Noticed a manticore
  8844 | D:9      | Noticed turdburglar's ghost (novice MiHu)
  8878 | D:10     | Entered Level 10 of the Dungeon
  9220 | D:10     | Found an ornate altar of the Wu Jian Council.
  9220 | D:10     | Found an iron altar of Okawaru.
  9235 | D:10     | Found a bloodstained altar of Trog.
  9237 | D:10     | Noticed a two-headed ogre
  9243 | D:10     | Killed a two-headed ogre
  9326 | D:10     | Noticed a death yak
  9328 | D:10     | Noticed a death yak
  9329 | D:10     | Noticed a death yak
  9337 | D:10     | Killed a death yak
  9342 | D:10     | Killed a death yak
  9343 | D:10     | Reached skill level 5 in Shields
  9351 | D:10     | Killed a death yak
  9352 | D:10     | Reached skill level 14 in Stealth
  9405 | D:10     | Found a staircase to the Lair.
  9749 | D:10     | Found a staircase to the Orcish Mines.
  9836 | D:10     | Noticed a cyclops
  9838 | D:10     | Noticed a manticore
  9840 | D:10     | Killed a manticore
  9860 | D:10     | Killed a cyclops
  9861 | D:10     | Reached XP level 12. HP: 111/111 MP: 12/12
  9871 | D:10     | Identified the +6 quarterstaff of Bateal {drain, *Corrode
                  | Str+4 Dex+8}
 10343 | D:11     | Noticed Josephine
 10347 | D:11     | Killed Josephine
 10903 | D:11     | Noticed a two-headed ogre
 10928 | D:11     | Killed a two-headed ogre
 11398 | D:11     | Identified the +5 trident "Ablot" {flame, rC+}
 11501 | D:12     | Noticed Psyche
 11635 | D:12     | Noticed a two-headed ogre
 11654 | D:12     | Killed a two-headed ogre
 11655 | D:12     | Reached skill level 5 in Armour
 11655 | D:12     | Reached skill level 5 in Dodging
 11670 | D:12     | Demolished by a very large slime creature

Illustrated notes

Levels and vault maps discovered:
D:1:      roderic_chinese_lattice_arrival, layout_loops_ring
D:2:      layout_loops_corners, basic_altar
D:3:      layout_loops_ring, nicolae_overflow_ecumenical_swirl,
          nicolae_qazlal_eye_of_the_storm, gammafunk_ghost_grave, minivault_24,
          uniq_crazy_yiuf_cottage, uniq_sigmund
D:4:      layout_basic, minmay_cut_off
D:5:      layout_basic, uniq_pikel
D:6:      cheibrodos_steamvent, layout_layer_cave, serial_shops,
          nicolae_shop_tiny_statue_garden
D:7:      layout_basic, lemuel_zombie_altar_kikubaaqudgha,
          minmay_temple_entry_statues_pillars, serial_glass, glass_columns_c,
          glass_columns_a, uniq_menkaure, uniq_joseph
D:8:      kennysheep_blocky_hall, layout_loops_ring
D:9:      layout_basic, tgw_xom, ebering_ghost_gozag
D:10:     minmay_blocky_corners, layout_loops_ring,
          mainiacjoe_overflow_concentric_impassable, grunt_temple_overflow_open,
          dpeg_lair_monsters, david_orc_3
D:11:     layout_basic, uniq_josephine
D:12:     due_megacathedral, layout_cave_pools, uniq_psyche

Skill      XL: |  1  2  3  4  5  6  7  8  9 10 11 12 |
---------------+-------------------------------------+-----
Stealth        | 1 2 3 5 6 9 11 12 13 14 | 14.8
Short Blades   | 4 5 7 9 10 11 | 11.9
Fighting       | 4 5 6 7 8 |  8.6
Armour         | 2 3 4 5 |  5.0
Dodging        | 2 3 4 5 |  5.0
Shields        | 3 6 |  6.9

Action                     |  1- 3 |  4- 6 |  7- 9 | 10-12 || total
---------------------------+-------+-------+-------+-------++-------
  Melee: Short sword       |    11 |       |       |       ||    11
         Dagger            |    91 |    25 |     1 |    55 ||   172
         Quarterstaff      |       |    10 |    64 |       ||    74
         Flail             |       |       |    45 |       ||    45
         Headbutt          |       |       |    47 |    90 ||   137
         Punch             |       |       |     2 |       ||     2
         Rapier            |       |       |   136 |    42 ||   178
         Falchion          |       |       |       |   132 ||   132
         Scimitar          |       |       |       |   130 ||   130
   Fire: Shortbow          |       |     1 |       |       ||     1
         Arbalest          |       |       |     8 |       ||     8
 Invoke: Berserk           |     2 |     2 |     3 |     5 ||    12
         Trog's Hand       |       |       |     3 |     1 ||     4
Ability: Spit Poison       |    15 |     1 |     6 |     4 ||    26
    Use: Potion            |       |     1 |     1 |       ||     2
         Scroll            |       |       |    16 |     7 ||    23
   Stab: Sleeping          |     5 |       |    23 |    29 ||    57
         Distracted        |       |       |     1 |       ||     1
 Armour: Animal skin       |     4 |       |       |       ||     4
         Robe              |    11 |     1 |   124 |   143 ||   279
         Scale mail        |     4 |    16 |       |       ||    20
         Steam dragon scal |       |       |    47 |       ||    47
  Dodge: Dodged            |    61 |    17 |   126 |   117 ||   321
  Block: Kite shield       |       |       |     3 |   196 ||   199
